 Dungeon Crawl Stone Soup version 0.27-a0-1325-g58a489ad9e (webtiles) character file.

Game seed: 4406173831466437623

1013 knot the Chopper (level 8, 50/58 HPs)
             Began as a Demonspawn Berserker on June 24, 2021.
             Was a Priest of Trog.
             Quit the game on level 5 of the Dungeon.
             The game lasted 00:07:34 (3559 turns).

knot the Chopper (Demonspawn Berserker)             Turns: 3559, Time: 00:07:34

Health: 50/58      AC: 10    Str: 17    XL:     8   Next: 1%
Magic:  8/8        EV: 11    Int: 12    God:    Trog [***...]
Gold:   197        SH:  0    Dex: 12    Spells: 7/7 levels left

rFire    . . .     SeeInvis .   p - +2 hand axe (freeze)
rCold    + . .     Faith    .   (no shield)
rNeg     + . .     Spirit   .   C - +0 scale mail
rPois    .         Reflect  .   h - +0 helmet
rElec    .         Harm     .   i - +2 cloak
rCorr    .         Rampage  .   (no gloves)
Will     .....                  (no boots)
Stlth    +.........             u - amulet of regeneration
HPRegen  1.19/turn              o - ring of protection from cold
MPRegen  0.11/turn              f - ring of positive energy

@: no status effects
A: powered by pain 1, sturdy frame 2
a: Renounce Religion, Berserk, Trog's Hand


You were on level 5 of the Dungeon.
You worshipped Trog.
Trog was most pleased with you.
You visited 1 branch of the dungeon, and saw 5 of its levels.

You collected 197 gold pieces.

Inventory:

Hand Weapons
 a - a +0 war axe
 p - a +2 hand axe of freezing (weapon)
Missiles
 d - 4 atropa-tipped darts
 k - 16 boomerangs (quivered)
 x - 10 poisoned darts
Armour
 h - a +0 helmet (worn)
 i - a +2 cloak (worn)
 C - a +0 scale mail (worn)
Jewellery
 f - a ring of positive energy (right hand)
 o - a ring of protection from cold (left hand)
 u - an amulet of regeneration (around neck)
 y - an amulet of magic regeneration
Wands
 t - a wand of charming (8)
 v - a wand of paralysis (9)
 z - a wand of digging (5)
Scrolls
 b - 2 scrolls of teleportation {unknown}
 g - a scroll of torment {unknown}
 j - a scroll of enchant armour {unknown}
 l - 3 scrolls of fear {unknown}
 s - a scroll of amnesia {unknown}
 w - 3 scrolls of identify {unknown}
 B - a scroll of holy word {unknown}
Potions
 c - a potion of brilliance {unknown}
 e - 2 potions of flight {unknown}
 m - 2 potions of curing {unknown}
 q - a potion of heal wounds {unknown}
 r - a potion of mutation {unknown}
 A - a potion of might {unknown}


   Skills:
 - Level 3.0 Fighting
 * Level 6.9 Axes
 * Level 5.4 Throwing
 - Level 1.7 Armour
 - Level 1.7 Dodging


You had 7 spell levels left.
You didn't know any spells.
Your spell library was empty.

Dungeon Overview and Level Annotations

Branches:
Dungeon (5/15)
 Temple: D:4-7

Altars:
Fedhas
Makhleb
Uskayaw
Vehumet
Xom
Zin


Innate Abilities, Weirdness & Mutations

You sometimes gain a little power by taking damage.
Your movements are less encumbered by armour. (ER -4)


Message History

The water moccasin skeleton barely misses you.
You hit the water moccasin skeleton.
The water moccasin skeleton is almost destroyed.
The water moccasin skeleton bites you but does no damage.
The water moccasin skeleton bites you.
You hit the water moccasin skeleton but do no damage.
The water moccasin skeleton is almost destroyed.
The water moccasin skeleton bites you but does no damage.
You slash the water moccasin skeleton!
You destroy the water moccasin skeleton!
Trog accepts your kill.
You now have 191 gold pieces (gained 4).
You open the door.
There is an open door here.
You now have 197 gold pieces (gained 6).
You open the door.
An ogre comes into view. It is wielding a +0 giant spiked club.
Found a spear.
Throw: 17 boomerangs
Press: ? - help, Q - select action, (/) - cycle Shift-Dir - straight line, f - ogre
Aim: an ogre, wielding a +0 giant spiked club (75% to hit)
You throw a boomerang. The boomerang barely misses the ogre.
Throw: 17 boomerangs
Press: ? - help, Q - select action, (/) - cycle Shift-Dir - straight line, f/p - ogre
Aim: an ogre, wielding a +0 giant spiked club (75% to hit)
You throw a boomerang.
The boomerang hits the ogre but does no damage.
You slash the ogre! You freeze the ogre.
The ogre is moderately wounded.
The ogre hits you with a +0 giant spiked club!
You slash the ogre! You freeze the ogre.
The ogre is severely wounded.
The ogre closely misses you.
You slash the ogre! You freeze the ogre.
You kill the ogre!
Trog accepts your kill.
You have reached level 8!
You feel clever.
Your demonic ancestry asserts itself...
You feel energised by your suffering.
Are you sure you want to abandon this character and quit the game? (Confirm with "yes".)

.... ...# #... ...#
.).##... ......# .....
... ...
#######)######+##...
.......@...........##+##
...................#....
...................#....
...................+....
...................#....
...................#....
...................###..
..############'##+####..
.. ................#..


There were no monsters in sight!

Vanquished Creatures
  A black bear (D:4)
  2 ogres
  2 necrophages (D:5)
  A scorpion (D:4)
  2 water moccasin skeletons
  3 hounds (D:4)
  A bullfrog skeleton (D:3)
  A gnoll shaman (D:5)
  2 iguanas (D:4)
  2 orc wizards
  A hound skeleton (D:5)
  6 gnolls
  2 adders
  16 orcs
  2 bats
  2 endoplasms
  A giant cockroach (D:1)
  4 goblins
  6 hobgoblins
  11 jackals
  4 quokkas
  7 ball pythons
  13 frilled lizards
  6 kobolds
  4 rats
102 creatures vanquished.

Vanquished Creatures (others)
  A goblin (D:4)
  7 plants (D:4)
8 creatures vanquished.

Grand Total: 110 creatures vanquished

Notes
Turn   | Place    | Note
-------+----------+-------------------------------------------
     0 | D:1      | knot the Demonspawn Berserker began the quest for the Orb.
     0 | D:1      | Reached XP level 1. HP: 18/18 MP: 1/1
   135 | D:1      | Reached skill level 3 in Axes
   211 | D:1      | Gained mutation: Your movements are slightly less
                  | encumbered by armour. (ER -2) [demonic ancestry]
   211 | D:1      | Reached XP level 2. HP: 24/24 MP: 2/2
  1096 | D:2      | Reached ** piety under Trog
  1106 | D:2      | Reached XP level 3. HP: 29/29 MP: 3/3
  1331 | D:2      | Reached skill level 4 in Axes
  1469 | D:2      | Found a faded altar of an unknown god.
  1585 | D:3      | Found a hide-covered altar of Uskayaw.
  1585 | D:3      | Found a burning altar of Makhleb.
  1585 | D:3      | Found a radiant altar of Vehumet.
  1596 | D:3      | Reached skill level 1 in Throwing
  1596 | D:3      | Gained mutation: Your movements are less encumbered by
                  | armour. (ER -4) [demonic ancestry]
  1596 | D:3      | Reached XP level 4. HP: 35/35 MP: 4/4
  1744 | D:3      | Found a blossoming altar of Fedhas.
  1750 | D:3      | Found a shimmering altar of Xom.
  2400 | D:4      | Reached XP level 5. HP: 30/41 MP: 5/5
  2515 | D:4      | Noticed an ogre
  2552 | D:4      | Killed an ogre
  2553 | D:4      | Reached skill level 5 in Axes
  2553 | D:4      | Reached XP level 6. HP: 47/47 MP: 6/6
  2798 | D:4      | Reached *** piety under Trog
  3022 | D:4      | Reached XP level 7. HP: 51/52 MP: 7/7
  3051 | D:4      | Reached skill level 6 in Axes
  3434 | D:5      | Entered Level 5 of the Dungeon
  3521 | D:5      | Reached skill level 5 in Throwing
  3559 | D:5      | Gained mutation: You sometimes gain a little power by
                  | taking damage. [demonic ancestry]
  3559 | D:5      | Reached XP level 8. HP: 50/58 MP: 8/8
  3559 | D:5      | Quit the game

Illustrated notes

Levels and vault maps discovered:
D:1:      minmay_arrival_split_and_join, layout_loops_ring, minmay_pentomino_s2
D:2:      layout_rooms, dilly_ecumenical_altar_fadedgnrine, basic_altar
D:3:      layout_rooms, grunt_temple_overflow_open
D:4:      layout_rooms, minmay_misc_feat_secret_circle,
          small_statue_intersection, minmay_lizard_king
D:5:      layout_gridville, minmay_joined_circles, uniq_edmund

Skill      XL: |  1  2  3  4  5  6  7 |
---------------+----------------------+-----
Axes           | 3 4 5 6 |  6.9
Throwing       | 1 2 3 4 5 |  5.4
Fighting       | |  3.0
Armour         | |  1.7
Dodging        | |  1.7

Action                   |  1- 3 |  4- 6 |  7- 9 || total
-------------------------+-------+-------+-------++-------
Melee: Hand axe          |    89 |    90 |    94 ||   273
Throw: Boomerang         |     5 |       |     9 ||    14
       Dart              |     1 |       |       ||     1
Invok: Berserk           |     2 |     4 |       ||     6
Evoke: Wand              |       |     1 |     3 ||     4
 Stab: Sleeping          |     1 |       |       ||     1
       Paralysed         |       |       |     6 ||     6
Armor: Animal skin       |    17 |       |       ||    17
       Ring mail         |     8 |    31 |    22 ||    61
       Scale mail        |       |       |    10 ||    10
Dodge: Dodged            |    72 |    52 |    43 ||   167

Table legend: (Time is in decaauts)
 A = Elapsed time spent in this place.
 B = Non-inter-level travel time spent in this place.
 C = Inter-level travel time spent in this place.
 D = Time resting spent in this place.
 E = Time spent auto-exploring this place.
 F = Levels seen in this place.
 G = Mean time per level.
                   A        B        C        D        E       F      G
               +--------+--------+--------+--------+--------+-----+--------+
         Total |   3644 |   3504 |    140 |    898 |   1913 |   5 |  728.8 |
       Dungeon |   3644 |   3504 |    140 |    898 |   1913 |   5 |  728.8 |
               +--------+--------+--------+--------+--------+-----+--------+

Top non-repeatable levels by time:
     D:4: 1127 daAuts
     D:1: 1057 daAuts
     D:2: 861 daAuts
     D:3: 478 daAuts
     D:5: 120 daAuts
